 Dungeon Crawl Stone Soup version 0.28.0 (webtiles) character file.

Game seed: 15886797185197214503

77 browni3141 the Sneak (level 4, -4/42 HPs)
             Began as a Ghoul Delver on Feb 7, 2022.
             Killed by divine providence
             ... invoked by an orc priest
              (12 damage)
             ... on level 2 of the Dungeon.
             The game lasted 00:05:46 (2358 turns).

browni3141 the Sneak (Ghoul Delver)                 Turns: 2358, Time: 00:05:46

Health: -4/42      AC:  8    Str: 17    XL:     4   Next: 34%
Magic:  3/3        EV:  9    Int:  5    God:
Gold:   29         SH:  0    Dex: 10    Spells: 3/3 levels left

rFire   . . .      SeeInvis .     - Unarmed
rCold   + . .      Faith    .   (no shield)
rNeg    + + +      Spirit   .   i - +0 scale mail
rPois   ∞          Reflect  .   b - +0 helmet
rElec   .          Harm     .   h - +0 cloak
rCorr   .          Rampage  .   (no gloves)
Will    .....                   (no boots)
Stlth   +.........              (no amulet)
HPRegen 0.00/turn               (no ring)
MPRegen 0.08/turn               (no ring)

@: inhibited regen
A: claws 1, cold resistance 1, negative energy resistance 3, inhibited
regeneration, torment resistance 2
a: no special abilities


You were on level 2 of the Dungeon.
You visited 1 branch of the dungeon, and saw 6 of its levels.

You collected 29 gold pieces.

Inventory:

Hand Weapons
 a - a +0 hunting sling
 q - a +2 dagger of venom
Missiles
 r - 65 stones (quivered)
Armour
 b - a +0 helmet (worn)
 h - a +0 cloak (worn)
 i - a +0 scale mail (worn)
 p - a +0 leather armour
Jewellery
 j - a ring of resist corrosion
Wands
 f - a wand of digging (2)
 g - a wand of mindburst (13)
Scrolls
 c - 2 scrolls of magic mapping
 e - 2 scrolls of identify {unknown}
 k - a scroll of fog
 m - a scroll of torment {unknown}
 n - a scroll of brand weapon {unknown}
 o - a scroll of summoning {unknown}
Potions
 d - 2 potions of curing {unknown}
 l - a potion of flight {unknown}


   Skills:
 - Level 5.0 Fighting
 + Level 1.1 Slings
 - Level 1.7 Dodging
 - Level 5.4 Stealth
 - Level 2.6 Unarmed Combat


You had 3 spell levels left.
You didn't know any spells.
Your spell library contained the following spells:

 Spells                   Type           Power      Damage    Failure   Level
 Corpse Rot               Necr/Air       0%         N/A       96%         2
 Dispel Undead            Necr           0%         3d6       100%        4
 Death Channel            Necr           0%         N/A       100%        6


Dungeon Overview and Level Annotations

Branches:
Dungeon (6/15)
 Temple: D:4-7

Altars:

Annotations:
D:2 exclusion: 2 downstairs
D:3 Sigmund
D:4 Natasha


Innate Abilities, Weirdness & Mutations

You thrive by killing the living.
You are immune to poison.
You have sharp fingernails.
Your flesh is cold resistant. (rC+)
You are immune to negative energy. (rN+++)
You do not regenerate when monsters are visible.
You are immune to unholy pain and torment.


Message History

The orc shouts! x2; The orc priest shouts!
The endoplasm quivers.
The orc barely misses you. The orc priest hits you with a +0 club.
You climb upwards.
Level annotation: exclusion: 2 downstairs
There is a stone staircase leading down here.
Unknown command.
You closely miss the orc priest. The orc hits you but does no damage.
The orc priest hits you with a +0 club.
You closely miss the orc priest. The orc hits you with a +0 whip.
You scratch the orc priest but do no damage.
The orc priest invokes the aid of Beogh against you.
Beogh smites you! The orc hits you with a +0 whip.
You closely miss the orc priest. The orc priest hits you with a +0 club.
The orc hits you with a +0 whip.
You scratch the orc priest.
The orc priest is lightly wounded.
The orc priest hits you but does no damage.
The orc hits you with a +0 whip.
You scratch the orc priest.
The orc priest is moderately wounded.
The orc priest hits you with a +0 club. The orc hits you but does no damage.
You scratch the orc priest but do no damage.
The orc priest is moderately wounded.
The orc priest hits you but does no damage.
The orc closely misses you.
You barely miss the orc priest.
The orc priest is moderately wounded.
The orc priest closely misses you. The orc hits you but does no damage.
You barely miss the orc priest.
The orc priest is moderately wounded.
The orc priest mumbles some strange prayers to Beogh against you.
Beogh smites you!
* * * LOW HITPOINT WARNING * * *
The orc barely misses you.
You scratch the orc priest.
The orc priest is severely wounded.
The orc priest mumbles some strange prayers to Beogh against you.
Beogh smites you!
You die...

...#.#########.#.###......#
#....
####......................#
#..(. ############..###.######
#.... #.........# #....
#...###.#.######....
#...###.#.#.........
#.......#.#.######'#
######o#####.#.# #.# #######
#....o@# #.#.# #.# ......#
#.###### #.#.# #.# ......# #.#
#.#.# #.# ..[...# #.# #.#.#
####.# .)....#####.# #.#.#
#....# ..........#.# ### #.#.#
#.####
......###.#.######.###.#.# #.#
#
......+..........#.....#.###.#
#
......###.#.####.#)#####...#.#
#


You could see an orc priest and an orc.

Vanquished Creatures
  Robin (D:2)
  A worm (D:2)
  A dart slug (D:3)
  2 orcs
  4 endoplasms
  2 giant cockroaches
  11 goblins
  3 hobgoblins (D:2)
  4 jackals
  3 quokkas (D:1)
  8 ball pythons
  3 bats (D:2)
  3 frilled lizards
  3 kobolds
  3 rats
52 creatures vanquished.

Notes
Turn   | Place    | Note
-------+----------+-------------------------------------------
     0 | D:5      | browni3141 the Ghoul Delver began the quest for the Orb.
     0 | D:5      | Reached XP level 1. HP: 19/19 MP: 0/0
    39 | D:6      | Noticed an orc wizard
    39 | D:6      | Noticed a sky beast
    65 | D:4      | Noticed a black bear
    67 | D:4      | Noticed a black bear
    70 | D:4      | Noticed Natasha
    76 | D:3      | Noticed an orc priest
    76 | D:3      | Noticed Sigmund
    78 | D:3      | Noticed an orc priest
   139 | D:3      | Reached XP level 2. HP: 11/27 MP: 1/1
   140 | D:3      | Noticed Robin
   658 | D:1      | Found a faded altar of an unknown god.
   735 | D:1      | Reached XP level 3. HP: 31/34 MP: 2/2
  1417 | D:2      | Reached skill level 5 in Fighting
  2008 | D:2      | Reached XP level 4. HP: 26/42 MP: 3/3
  2309 | D:2      | Killed Robin
  2310 | D:2      | Reached skill level 1 in Slings
  2358 | D:2      | Killed from afar by an orc priest

Illustrated notes

Levels and vault maps discovered:
D:1:      evilmike_arrival_crescent, layout_loops_ring, basic_ecumenical_altar
D:2:      layout_basic
D:3:      layout_rooms, uniq_sigmund, uniq_robin
D:4:      layout_rooms, mainiacjoe_overflow_six_doors_small,
          minmay_large_rounded_square, uniq_natasha
D:5:      layout_loops_ring, nicolae_kikubaaqudgha_miasma_corner,
          lemuel_zombie_altar_yredelemnul, minmay_temple_entry_trees,
          serial_park_tiny_pond, uniq_ijyb, uniq_pikel, uniq_duvessa
D:6:      layout_rooms, lemuel_coloured_pillars_altar, minmay_diced_spiral

Skill      XL: |  1  2  3  4 |
---------------+-------------+-----
Fighting       | 4 5 |  5.0
Slings         | 1 |  1.1
Dodging        | |  1.7
Stealth        | |  5.4
Unarmed Combat | |  2.6

Action                   |  1- 3 |  4- 6 || total
-------------------------+-------+-------++-------
Melee: Unarmed           |   167 |    20 ||   187
       Punch             |     4 |     1 ||     5
 Fire: Hunting sling     |       |    10 ||    10
Evoke: Wand              |     1 |       ||     1
  Use: Scroll            |     2 |       ||     2
       Potion            |     1 |       ||     1
 Stab: Sleeping          |     2 |       ||     2
Armor: Leather armour    |     6 |       ||     6
       Scale mail        |    80 |    19 ||    99
Dodge: Dodged            |    94 |    13 ||   107
